 Dungeon Crawl Stone Soup version 0.26-a0-800-g517d6fe (webtiles) character file.

Game seed: 17950041375644290188

81060 MrTaco21 the Warrior (level 15, -19/114 HPs)
             Began as a Gargoyle Fighter on Nov 11, 2020.
             Was the Champion of Okawaru.
             Demolished by an orc warrior
             ... wielding a +0 glaive
             ... led by an orc knight
              (22 damage)
             ... while paralysed by an orc sorcerer
             ... on level 1 of the Orcish Mines.
             The game lasted 00:44:44 (28401 turns).

MrTaco21 the Warrior (Gargoyle Fighter)            Turns: 28401, Time: 00:44:45

Health: -19/114    AC: 31    Str: 26    XL:     15   Next: 69%
Magic:  15/15      EV:  2    Int: 12    God:    Okawaru [******]
Gold:   1915       SH:  0    Dex: 12    Spells: 14/14 levels left

rFire    + . .     SeeInvis +   H - +2 whip (venom)
rCold    + + +     Faith    .   V - +2 kite shield
rNeg     + . .     Spirit   .   F - +0 plate armour
rPois    ∞         Reflect  .   D - +0 helmet {SInv}
rElec    +         Harm     .   C - +0 cloak
rCorr    .         Rampage  .   T - +0 pair of gloves {Dex+3}
MR       +....                  J - +0 pair of boots of Defiance {rF+ rC+++ Int-4 Stlth-}
Stlth    ..........             I - amulet of regeneration
HPRegen  0.69/turn              O - ring of Kiotag {EV+4 Int+7}
MPRegen  0.14/turn              S - +4 ring of protection

@: paralysed, flying, studying Hexes
A: big wings, negative energy resistance 1, electricity resistance, unbreathing,
petrification resistance, rot immunity, AC +11
a: Stop Flying, Heroism, Finesse, Renounce Religion


You were on level 1 of the Orcish Mines.
You worshipped Okawaru.
Okawaru was exalted by your worship.
You visited 4 branches of the dungeon, and saw 23 of its levels.

You collected 2065 gold pieces.
You spent 150 gold pieces at shops.

Inventory:

Hand Weapons
 H - a +2 whip of venom (weapon)
   (You took it off an orc on level 3 of the Dungeon)
Missiles
 o - 48 poisoned darts (quivered)
Armour
 C - a +0 cloak (worn)
   (You found it on level 5 of the Dungeon)
 D - a +0 helmet of see invisible (worn)
   (You bought it in a shop on level 5 of the Dungeon)
 F - a +0 plate armour (worn)
   (You took it off an orc warrior on level 8 of the Dungeon)
 J - the +0 pair of boots of Defiance (worn) {rF+ rC+++ Int-4 Stlth-}
   (Okawaru gifted it to you on level 9 of the Dungeon)

   It affects your intelligence (-4).
   It protects you from fire.
   It renders you almost immune to cold.
   It makes you less stealthy.
 T - a +0 pair of gloves of dexterity (worn)
   (Okawaru gifted it to you on level 11 of the Dungeon)
 V - a +2 kite shield (worn)
   (You found it on level 5 of the Lair of Beasts)
Jewellery
 I - an amulet of regeneration (around neck)
   (You found it on level 10 of the Dungeon)
 O - the ring of Kiotag (left hand) {EV+4 Int+7}
   (You found it on level 10 of the Dungeon)

   [ring of evasion]

   It affects your evasion (+4).
   It affects your intelligence (+7).
 S - a +4 ring of protection (right hand)
   (You found it on level 11 of the Dungeon)
Wands
 c - a wand of disintegration (26)
   (You found it on level 12 of the Dungeon)
 d - a wand of iceblast (4)
   (You found it on level 10 of the Dungeon)
 e - a wand of enslavement (15)
   (You found it on level 6 of the Lair of Beasts)
 t - a wand of flame (19)
   (You found it on level 11 of the Dungeon)
 u - a wand of paralysis (12)
   (You found it on level 10 of the Dungeon)
 v - a wand of digging (5)
   (You found it on level 6 of the Lair of Beasts)
 x - a wand of acid (44)
   (You found it on level 9 of the Dungeon)
Scrolls
 a - 6 scrolls of blinking
 b - a scroll of silence {unknown}
 f - 11 scrolls of remove curse {@r2}
 i - 2 scrolls of enchant armour {unknown}
 k - 6 scrolls of teleportation {@r4}
 p - 7 scrolls of amnesia
 r - 4 scrolls of immolation {!r}
 s - 3 scrolls of fog
 w - 2 scrolls of magic mapping {unknown}
 y - 3 scrolls of enchant weapon {unknown}
 A - 3 scrolls of fear
 K - a scroll of noise {unknown}
 N - 2 scrolls of holy word {unknown}
 P - a scroll of vulnerability {unknown}
 U - 2 scrolls of acquirement {unknown}
 Z - 2 scrolls of summoning {unknown}
Potions
 g - a potion of invisibility
 h - 4 potions of magic
 j - a potion of brilliance {unknown}
 l - 4 potions of resistance
 m - 3 potions of berserk rage
 n - 7 potions of curing {@q1}
 z - 5 potions of attraction {!q}
 B - 4 potions of heal wounds {@q2}
 E - 5 potions of ambrosia
 L - 2 potions of haste {unknown}
 M - 4 potions of might
Books
 R - a manual of Hexes {!d}
   (You found it on level 10 of the Dungeon)
Miscellaneous
 Q - a phantom mirror
   (You found it on level 10 of the Dungeon)


   Skills:
 + Level 20.7 Fighting
 - Level 12.0 Maces & Flails
 + Level 3.3 Armour
 - Level 15.0 Shields


You had 14 spell levels left.
You didn't know any spells.
Your spell library contained the following spells:

 Spells                   Type           Power        Failure   Level
 Corona                   Hex            #......      99%         1
 Magic Dart               Conj           #...         99%         1
 Ensorcelled Hibernation  Hex/Ice        #.....       100%        2
 Searing Ray              Conj           #.....       100%        2
 Confusing Touch          Hex            #.......     100%        3
 Dazzling Flash           Conj/Hex       #.....       100%        3
 Tukima's Dance           Hex            #.......     100%        3
 Fulminant Prism          Conj/Hex       #.........   100%        4
 Iskenderun's Mystic Bla  Conj/Tloc      #.......     100%        4
 Bolt of Magma            Conj/Fire/Erth #.........   100%        5
 Iskenderun's Battlesphe  Conj           #.......     100%        5
 Iron Shot                Conj/Erth      #.........   100%        6
 Orb of Destruction       Conj           #.........   100%        7
 Spellforged Servitor     Conj/Summ      #.........   100%        7


Dungeon Overview and Level Annotations

Branches:
Dungeon (15/15)            Temple (1/1) D:7            Lair (6/6) D:8
  Swamp (0/4) Lair:4       Shoals (0/4) Lair:3        Slime (0/5) Lair:5
    Orc (1/2) D:10         Vaults (0/5) D:14         Depths (0/5) D:15

Altars:
Ashenzari
Cheibriados
Dithmenos
Elyvilon
Fedhas
Gozag
Hepliaklqana
Kikubaaqudgha
Makhleb
Nemelex Xobeh
Okawaru
Qazlal
Ru
Sif Muna
Trog
Uskayaw
Vehumet
Wu Jian
Xom
Yredelemnul
Zin
The Shining One
Beogh
Jiyva

Shops:
D:4 *   D:5 [   Orc:1 (


Innate Abilities, Weirdness & Mutations

You are resistant to torment.
Your stone body is resilient. (AC +11)
You are immune to poison.
Your large and strong wings let you fly indefinitely.
You resist negative energy. (rN+)
You are resistant to electric shocks. (rElec)
You can survive without breathing.
You are immune to petrification.
You are immune to rotting.


Message History

An orc priest comes into view. It is wielding a +0 dagger.
The ogre barely misses you. You block the orc warrior's attack.
You block the orc warrior's attack.
Things that are here:
a +0 giant club; an ogre corpse An orc wizard comes into view.
It is wielding a +0 dagger.
The orc wizard shouts!
You kill the ogre!
Okawaru accepts your kill.
The orc priest begins to cast a cantrip, but forgets the words!
The orc knight shoots a bolt.
You block the bolt.
The orc sorcerer gestures wildly while chanting.
You hear a shout!
You see here a bolt.
The orc knight roars a battlecry!
The orcs go into a battle-frenzy!
The orc sorcerer gestures wildly while chanting.
The orc warrior completely misses you.
The orc knight roars a battlecry!
The orc knight goes into a battle-frenzy!
You hear a shout!
The ynoxinul gestures.
The orc sorcerer casts a spell at you.
You suddenly lose the ability to move!
A troll comes into view.
The orc warrior hits you from afar with a +0 glaive!!
The orc warrior no longer looks unusually strong.
The orc wizard no longer looks unusually strong.
The orc warrior hits you with a +0 short sword!
The orc sorcerer casts a spell at you. The bolt of fire hits you! You resist.
The orc priest no longer looks unusually strong.
The orc warrior hits you with a +0 short sword!
* * * LOW HITPOINT WARNING * * *
The orc warrior hits you from afar with a +0 glaive!!
* * * LOW HITPOINT WARNING * * *
The orc priest looks braver for a moment.
The orc warrior hits you with a +0 short sword!
* * * LOW HITPOINT WARNING * * *
The orc warrior hits you from afar with a +0 glaive!
* * * LOW HITPOINT WARNING * * *
The red devil hits you from afar with a +0 trident.
* * * LOW HITPOINT WARNING * * *
The orc knight roars a battlecry!
The orcs go into a battle-frenzy!
The orc knight no longer looks unusually strong.
The orc warrior barely misses you.
The orc sorcerer casts a spell.
The orc warrior hits you from afar with a +0 glaive!!
You die...

##)......................#.....#.
..(o...................###.#.#.##
....(.......................#...#
....................#......###..#
............3...............##...
............3.o..##.........###.#
..............To..##........# ##
..........o..ooo...#..###..## ##
............oO4o@......##...####.
..............o.......###....#...
#..................#.###....#....
#.....................# #...##..#
.....................## #.......
................#...## ##......
....................# #...†..
..#................## ##....#
...................# # ##.....


You could see 2 orc knights, a sun demon (summoned), a troll, a ynoxinul
(summoned), an orc sorcerer (strong), a red devil (summoned), 3 orc warriors, an
ogre, 2 orc priests and an orc wizard (strong).

Vanquished Creatures
  Gastronok (Lair:1)
  Josephine (D:9)
  Erolcha (D:10)
  7 hydras
  2 boulder beetles
  A centaur warrior (D:14)
  A merfolk avatar (Lair:6)
  12 two-headed ogres
  2 ogre magi (D:15)
  Urug (D:10)
  4 death yaks (Lair:3)
  2 unseen horrors
  A necromancer (D:14)
  A lindwurm (Lair:2)
  3 deep elf magi
  An orc sorcerer (Orc:1)
  4 manticores
  3 oklob plants (Lair:5)
  2 cyclopes
  5 ugly things
  5 black mambas
  6 elephants
  3 naga magi
  A black mamba (shapeshifter) (D:15)
  19 cane toads
  8 rime drakes
  2 ice devils (Lair:1)
  17 komodo dragons
  A redback zombie (D:14)
  4 polar bears (Lair:6)
  A wind drake (Lair:6)
  A queen bee (shapeshifter) (D:14)
  9 trolls
  2 hornets
  A wolf spider simulacrum (D:14)
  6 dream sheep (Lair:5)
  23 blink frogs
  A snapping turtle (Lair:3)
  3 shadows
  7 wraiths (D:10)
  6 basilisks
  2 humans (D:9)
  21 yaks
  7 wyverns
  3 steam dragons
  2 acid dragons
  Duvessa (D:7)
  20 water moccasins
  A hornet zombie (D:15)
  2 sky beasts
  5 ice beasts
  An eye of draining (D:11)
  13 orc warriors
  3 black bears
  13 centaurs
  5 phantoms
  19 ogres
  A necrophage (D:6)
  5 wolves (Lair:5)
  A big kobold (D:8)
  A wyvern zombie (D:10)
  30 bullfrogs
  A gnoll sergeant (D:9)
  Dowan (D:7)
  2 wyvern skeletons
  A water moccasin skeleton (D:8)
  3 scorpions
  17 killer bees
  35 wights
  An electric eel (Lair:3)
  A bullfrog zombie (D:9)
  5 centaur skeletons
  6 jellies
  5 quasits
  6 hounds
  13 orc priests
  9 orc wizards
  4 iguanas
  15 worker ants
  3 hound zombies
  2 hound skeletons
  A worker ant zombie (D:8)
  4 gnolls (D:9)
  2 howler monkey skeletons
  11 adders
  2 shadow imps
  6 white imps
  5 ufetubi
  An adder zombie (D:9)
  2 worms
  A dart slug (D:3)
  3 leopard geckos
  43 orcs
  8 bats
  4 giant cockroaches
  9 goblins
  2 hobgoblins
  6 jackals
  2 quokkas
  A ball python (D:2)
  5 frilled lizards
  A jackal skeleton (D:7)
  10 kobolds
  A leopard gecko zombie (D:8)
  7 rats
604 creatures vanquished.

Vanquished Creatures (others)
  An orc wizard (D:8)
  A quokka (D:15)
  A butterfly (Lair:5)
  35 fungi
  59 plants
  4 withered plants (D:9)
101 creatures vanquished.

Grand Total: 705 creatures vanquished

Notes
Turn   | Place    | Note
-------+----------+-------------------------------------------
     0 | D:1      | MrTaco21 the Gargoyle Fighter began the quest for the Orb.
     0 | D:1      | Reached XP level 1. HP: 14/14 MP: 1/1
   146 | D:1      | Reached XP level 2. HP: 11/19 MP: 2/2
   695 | D:2      | Reached XP level 3. HP: 23/23 MP: 3/3
  1589 | D:3      | Found an iron altar of Okawaru.
  1608 | D:3      | Reached XP level 4. HP: 26/28 MP: 4/4
  1870 | D:3      | Became a worshipper of Warmaster Okawaru
  1896 | D:4      | Found Zin's Purification Station.
  1909 | D:4      | Reached skill level 5 in Maces & Flails
  1909 | D:4      | Reached XP level 5. HP: 24/32 MP: 5/5
  2000 | D:4      | Found a glowing silver altar of Zin.
  2037 | D:4      | Found a stormy altar of Qazlal.
  2037 | D:4      | Found a white marble altar of Elyvilon.
  2116 | D:4      | Noticed a phantom
  2146 | D:4      | Killed a phantom
  2146 | D:4      | Reached XP level 6. HP: 24/37 MP: 6/6
  2251 | D:4      | Reached * piety under Okawaru
  2482 | D:4      | Reached XP level 7. HP: 41/41 MP: 7/7
  2817 | D:5      | Entered Level 5 of the Dungeon
  2831 | D:5      | Reached ** piety under Okawaru
  3066 | D:5      | Found a blossoming altar of Fedhas.
  3077 | D:5      | Reached XP level 8. HP: 29/46 MP: 8/8
  3420 | D:5      | Found Hiyna's Antique Armour Shoppe.
  3428 | D:5      | Bought a glowing helmet for 150 gold pieces
  3708 | D:5      | Found a broken altar of Ashenzari.
  4253 | D:5      | Reached skill level 10 in Maces & Flails
  5123 | D:6      | Found a shadowy altar of Dithmenos.
  5276 | D:6      | Reached *** piety under Okawaru
  5555 | D:6      | Reached XP level 9. HP: 48/51 MP: 9/9
  6077 | D:6      | Found an ornate altar of the Wu Jian Council.
  6183 | D:6      | Found an opulent altar of Gozag.
  6634 | D:7      | Reached skill level 5 in Shields
  6691 | D:7      | Reached **** piety under Okawaru
  6710 | D:7      | Found a staircase to the Ecumenical Temple.
  6725 | Temple   | Entered the Ecumenical Temple
  6989 | D:7      | Noticed Dowan
  6990 | D:7      | Noticed Duvessa
  7010 | D:7      | Killed Duvessa
  7020 | D:7      | Killed Dowan
  7201 | D:7      | Reached XP level 10. HP: 41/56 MP: 10/10
  7816 | D:8      | Found a staircase to the Lair.
  7857 | D:8      | Reached ***** piety under Okawaru
  8787 | D:8      | Reached skill level 10 in Shields
  9935 | D:9      | Received a gift from Okawaru
  9946 | D:9      | Got a pair of glimmering boots {god gift}
  9965 | D:9      | Identified the +0 pair of boots of Defiance {rF+ rC+++
                  | Int-4 Stlth-} (Okawaru gifted it to you on level 9 of the
                  | Dungeon)
 10172 | D:9      | Found an ancient bone altar of Kikubaaqudgha.
 10357 | D:10     | Entered Level 10 of the Dungeon
 10360 | D:10     | Noticed Josephine
 10399 | D:9      | Killed Josephine
 10399 | D:9      | Reached XP level 11. HP: 6/60 MP: 11/11
 11106 | D:10     | Got an ancient steel ring
 11114 | D:10     | Noticed Urug
 11151 | D:10     | Killed Urug
 11344 | D:10     | Identified the ring of Kiotag {EV+4 Int+7} (You found it on
                  | level 10 of the Dungeon)
 11386 | D:10     | Noticed Erolcha
 12002 | D:10     | Killed Erolcha
 12073 | D:10     | Found a staircase to the Orcish Mines.
 12690 | D:11     | Noticed a white ugly thing
 12752 | D:11     | Killed a white ugly thing
 12960 | D:11     | Reached skill level 15 in Shields
 13007 | D:11     | Noticed a boulder beetle
 13024 | D:11     | Killed a boulder beetle
 13024 | D:11     | Reached ****** piety under Okawaru
 13024 | D:11     | Received a gift from Okawaru
 13024 | D:11     | Reached skill level 4 in Fighting
 13170 | D:11     | Reached skill level 5 in Fighting
 13530 | D:12     | Noticed an unseen horror
 13652 | D:12     | Reached XP level 12. HP: 68/68 MP: 12/12
 13752 | D:12     | Reached skill level 6 in Fighting
 13911 | D:12     | Got an ichor-stained ring mail
 13912 | D:12     | Identified the +1 ring mail "Fekkogoy" {Rampage Slay+4}
                  | (You found it on level 12 of the Dungeon)
 13969 | D:12     | Reached skill level 7 in Fighting
 14188 | D:12     | Reached skill level 8 in Fighting
 14893 | D:13     | Reached skill level 9 in Fighting
 15200 | D:14     | Noticed a boulder beetle
 15219 | D:14     | Killed a boulder beetle
 15241 | D:14     | Noticed a two-headed ogre
 15390 | D:14     | Reached skill level 10 in Fighting
 15515 | D:14     | Noticed a two-headed ogre
 15721 | D:14     | Received a gift from Okawaru
 15722 | D:14     | Got a pair of dazzling boots {god gift}
 15767 | D:14     | Found a glowing golden altar of the Shining One.
 15784 | D:14     | Noticed a centaur warrior
 15830 | D:14     | Killed a centaur warrior
 15830 | D:14     | Reached skill level 11 in Fighting
 16180 | D:14     | Reached skill level 12 in Fighting
 16194 | D:14     | Got a pitted mace
 16286 | D:14     | Killed a two-headed ogre
 16286 | D:14     | Reached XP level 13. HP: 60/87 MP: 13/13
 16451 | D:14     | Found a gate to the Vaults.
 16495 | D:14     | Reached skill level 13 in Fighting
 17056 | D:14     | Identified the +0 pair of boots "Lediobuit" {rC- rN++ SInv}
                  | (Okawaru gifted it to you on level 14 of the Dungeon)
 17058 | D:14     | Identified the +1 mace "Qosk" {vorpal, rElec Str+3} (You
                  | found it on level 14 of the Dungeon)
 17083 | D:15     | Entered Level 15 of the Dungeon
 17397 | D:15     | Reached skill level 14 in Fighting
 17734 | D:15     | Found a white marble altar of Elyvilon.
 18013 | D:14     | Received a gift from Okawaru
 18246 | D:14     | Reached skill level 15 in Fighting
 18332 | D:15     | Found a staircase to the Depths.
 19139 | Lair:1   | Entered Level 1 of the Lair of Beasts
 19211 | Lair:1   | Reached skill level 16 in Fighting
 19211 | Lair:1   | Gained mutation: Your large and strong wings let you fly
                  | indefinitely. [Gargoyle growth]
 19211 | Lair:1   | Reached XP level 14. HP: 88/100 MP: 14/14
 19362 | Lair:1   | Noticed Gastronok
 19378 | Lair:1   | Received a gift from Okawaru
 19465 | Lair:1   | Killed Gastronok
 19718 | Lair:1   | Found a frozen archway.
 20084 | Lair:1   | Reached skill level 17 in Fighting
 20983 | Lair:2   | You fall into a shaft and drop 1 floor!
 21148 | Lair:3   | Received a gift from Okawaru
 21263 | Lair:3   | You fall into a shaft and drop 2 floors!
 21366 | Lair:5   | Got an ichor-stained dagger
 22021 | Lair:4   | Found a staircase to the Swamp.
 22436 | Lair:3   | Received a gift from Okawaru
 22436 | Lair:3   | Reached skill level 18 in Fighting
 22472 | Lair:3   | Got a faintly humming cloak {god gift}
 22975 | Lair:3   | Found a staircase to the Shoals.
 23995 | Lair:5   | Found a viscous altar of Jiyva.
 23996 | Lair:5   | Found a staircase to the Slime Pits.
 24528 | Lair:5   | Reached skill level 19 in Fighting
 24935 | Lair:5   | Reached XP level 15. HP: 60/111 MP: 15/15
 25539 | Lair:5   | Identified the +1 cloak of the Devil's Advocate {*Slow
                  | rPois Dex+4 Stlth+} (Okawaru gifted it to you on level 3 of
                  | the Lair of Beasts)
 25622 | Lair:6   | Entered Level 6 of the Lair of Beasts
 26470 | Lair:6   | Received a gift from Okawaru
 26470 | Lair:6   | Reached skill level 20 in Fighting
 27337 | Lair:6   | Received a gift from Okawaru
 27338 | Lair:6   | Got a glimmering hand crossbow {god gift}
 27890 | Orc:1    | Entered Level 1 of the Orcish Mines
 28044 | Orc:1    | Found a roughly hewn altar of Beogh.
 28281 | Orc:1    | Found Nueg Axan's Weapon Shop.
 28396 | Orc:1    | Paralysed by an orc sorcerer for 7 turns
 28400 | Orc:1    | HP: 5/114 [orc warrior/+0 glaive[an orc knight] (7)]
 28401 | Orc:1    | Demolished by an orc warrior

Illustrated notes

Levels and vault maps discovered:
D:1:      wander_arrival_fairy_ring, layout_basic
D:2:      layout_loops_ring
D:3:      layout_loops_ring, okawaru_metal_pillars_1_2
D:4:      layout_loops_cross, zin_purify, grunt_temple_overflow_open
D:5:      layout_loops_ring, lemuel_coloured_pillars_altar, fedhas_altar_3,
          serial_shops, nicolae_shop_overgrown_old_shop
D:6:      layout_basic, nicolae_overflow_crystal_walls, lemuel_crystal_altar,
          grunt_dithmenos_smoke_and_mirrors
D:7:      kennysheep_steamy, layout_rooms, minmay_temple_entry_antechambers,
          minmay_liquid_box, uniq_duvessa
D:8:      layout_basic, david_lair_shrubbed, serial_curves, eino_curves_01,
          eino_curves_02, eino_curves_03
D:9:      layout_irregular_city, kiku_gazebo_garden_becter, grunt_decor_cap,
          minmay_ruffians
D:10:     minmay_tri_box, layout_basic, enter_bailey_3, hangedman_decor_push,
          uniq_urug, uniq_erolcha, uniq_josephine
D:11:     layout_loops_ring, chequers_serial_rivers_marsh
D:12:     layout_irregular_city
D:13:     layout_irregular_city
D:14:     layout_basic, david_vaults_1, basic_altar
D:15:     grunt_enter_depths_magical_seal, layout_cave_pools, elyvilon_altar_4
Temple:   dshaligram_water_room_temple
Lair:1:   layout_regular_city, portal_ice_cave_demonic_guard,
          grunt_megastairs_3, infiniplex_staircase_pool, uniq_gastronok
Lair:2:   layout_gridlike, hangedman_lair_generics_rect
Lair:3:   cheibrodos_lair_river_kwai, layout_chaotic_city,
          minmay_shoals_entry_hut
Lair:4:   layout_cave_pods, swamp_mist_pool
Lair:5:   layout_cave_pods, slime_altar_1, lemuel_fruit_fields,
          minmay_lair_oklob_chamber
Lair:6:   gammafunk_lair_ancient_temple, layout_layer_cave
Orc:1:    nicolae_orc_accident_2, layout_caves, basic_altar, serial_shops,
          nicolae_shop_window_shopping, nicolae_orc_tapped_out

Skill      XL: |  1  2  3  4  5  6  7  8  9 10 11 12 13 14 15 |
---------------+----------------------------------------------+-----
Maces & Flails | 3 4 5 6 7 9 11 12 | 12.0
Shields        | 7 12 15 | 15.0
Fighting       | 5 12 16 19 20 | 20.7
Armour         | |  3.3

Action                   |  1- 3 |  4- 6 |  7- 9 | 10-12 | 13-15 || total
-------------------------+-------+-------+-------+-------+-------++-------
Melee: Flail             |   127 |       |       |       |       ||   127
       Whip              |    24 |   102 |   454 |  1783 |  2535 ||  4898
Throw: Dart              |       |       |     1 |    34 |    10 ||    45
 Abil: Fly               |       |       |       |       |     1 ||     1
  Use: Scroll            |       |       |    15 |     7 |     8 ||    30
       Potion            |       |       |       |     2 |     1 ||     3
Armor: Scale mail        |   108 |    43 |   196 |   111 |       ||   458
       Plate armour      |       |       |       |   372 |   749 ||  1121
Dodge: Dodged            |    53 |    22 |   107 |   340 |   489 ||  1011
Block: Kite shield       |    96 |    42 |   171 |   732 |  1233 ||  2274

Table legend: (Time is in decaauts)
 A = Elapsed time spent in this place.
 B = Non-inter-level travel time spent in this place.
 C = Inter-level travel time spent in this place.
 D = Time resting spent in this place.
 E = Time spent auto-exploring this place.
 F = Levels seen in this place.
 G = Mean time per level.
                   A        B        C        D        E       F      G
               +--------+--------+--------+--------+--------+-----+--------+
         Total |  26299 |  24717 |   1582 |   4870 |  13933 |  23 | 1143.4 |
       Dungeon |  17948 |  16908 |   1040 |   3870 |   9014 |  15 | 1196.5 |
        Temple |    120 |     70 |     50 |      0 |     69 |   1 |  120.0 |
          Lair |   7775 |   7283 |    492 |    999 |   4543 |   6 | 1295.8 |
  Orcish Mines |    455 |    455 |      0 |      0 |    307 |   1 |  455.0 |
               +--------+--------+--------+--------+--------+-----+--------+

Top non-repeatable levels by time:
     D:5: 2457 daAuts
    D:14: 2164 daAuts
  Lair:5: 2006 daAuts
  Lair:6: 1663 daAuts
     D:8: 1634 daAuts
    D:10: 1625 daAuts
     D:9: 1252 daAuts
  Lair:3: 1174 daAuts
     D:6: 1146 daAuts
    D:11: 1115 daAuts
    D:15: 1081 daAuts
  Lair:1: 1079 daAuts
    D:13: 988 daAuts
  Lair:4: 979 daAuts
     D:4: 922 daAuts
